 Dungeon Crawl Stone Soup version 0.31.0-32-g396128a36d (webtiles) character file.

Game seed: 4416957768995152897

2583120 RepoMan the Eviscerator (level 27, 180/180 HPs)
             Began as a Felid Berserker on Apr 13, 2024.
             Was the Champion of Trog.
             Escaped with the Orb
             ... and 4 runes on Apr 14, 2024!
             The game lasted 05:06:26 (60012 turns).

RepoMan the Eviscerator (Felid Berserker)          Turns: 60012, Time: 05:06:27

Health: 180/180    AC: 14    Str: 16    XL:     27
Magic:  24/24      EV: 97    Int: 10    God:    Trog [******]
Gold:   3287       SH:  5    Dex: 40    Spells: 26/26 levels left
                                        Lives:  2   Deaths: 5

rFire   + .          .
                       - Unarmed
rCold   + . .        (shield unavailable)
rNeg    + . .        (body armour unavailable)
rPois   ∞            (helmet unavailable)
rElec   +            (cloak unavailable)
rCorr   .            (gloves unavailable)
SInv    +            (boots unavailable)
Will    +++++        b - amulet "Foheexaf" {Reflect rElec rN+ Will+ Dex+3 SH+5}
Stlth   ++           t - ring of Wamiax {rC+ EV+5 Slay+3}
HPRegen 0.50/turn    o - ring "Tehitot" {rElec rF+ Str+4 Int+2 Dex+3}
MPRegen 0.19/turn

%: reflection, clarity
@: storm-form, flying, hasted, very quick
A: cleaving, insubstantial, flying, very small, (claws 1), (fangs 3), see
invisible, (shaggy fur 3), (stealthy paws), no weapons or thrown items, no
armour, multi-lived, agile 1, clarity, dopey 1, robust 1, inability to read
after injury 2
0: Orb of Zot
}: 4/15 runes: barnacled, slimy, silver, gossamer
a: Blinkbolt, Begin Untransformation, Renounce Religion, Berserk, Trog's Hand,
Brothers in Arms


You escaped.
You worshipped Trog.
Trog was exalted by your worship.
You were a lightning-filled tempest!
You visited 12 branches of the dungeon, and saw 56 of its levels.
You visited 2 bazaars.
You also visited: Ossuary, Ice Cave and Wizlab.

You collected 8461 gold pieces.
You spent 5174 gold pieces at shops.

Inventory:

Jewellery
 b - the amulet "Foheexaf" (around neck) {Reflect rElec rN+ Will+ Dex+3 SH+5}
   (You took it off a skeletal warrior on level 1 of the Crypt)

   [amulet of reflection]

   Reflect:   It reflects blocked missile attacks.
   Dex+3:     It affects your dexterity (+3).
   rElec:     It insulates you from electricity.
   rN+:       It protects you from negative energy.
   Will+:     It increases your willpower.
   SH+5:      It affects your SH (+5).
 g - the amulet of Faiv {Reflect Rampage rN+ SH+5}
   (You found it on level 2 of the Crypt)

   [amulet of reflection]

   Reflect:   It reflects blocked missile attacks.
   rN+:       It protects you from negative energy.
   SH+5:      It affects your SH (+5).
   Rampage:   It bestows one free step when moving towards enemies.
 h - an amulet of regeneration
 o - the ring "Tehitot" (right paw) {rElec rF+ Str+4 Int+2 Dex+3}
   (You acquired it on level 3 of the Lair of Beasts)

   [ring of protection from fire]

   Str+4:     It affects your strength (+4).
   Int+2:     It affects your intelligence (+2).
   Dex+3:     It affects your dexterity (+3).
   rF+:       It protects you from fire.
   rElec:     It insulates you from electricity.
 t - the ring of Wamiax (left paw) {rC+ EV+5 Slay+3}
   (You acquired it on level 15 of the Dungeon)

   [ring of evasion]

   EV+5:      It affects your evasion (+5).
   Slay+3:    It affects your accuracy & damage with ranged weapons and melee
   (+3).
   rC+:       It protects you from cold.
 J - the ring "Biggo" {Fly rF- rCorr EV+5 Slay+6}
   (You took it off a deep elf elementalist on level 3 of the Elven Halls)

   [ring of evasion]

   EV+5:      It affects your evasion (+5).
   Slay+6:    It affects your accuracy & damage with ranged weapons and melee
   (+6).
   rF-:       It makes you vulnerable to fire.
   Fly:       It grants you flight.
   rCorr:     It protects you from acid and corrosion.
 O - a ring of the Octopus King {rC+ HP+2 AC+2 EV+2 SH+2}
   (You bought it in a shop in a bazaar)

   [ring of protection from cold]

   AC+2:      It affects your AC (+2).
   EV+2:      It affects your evasion (+2).
   rC+:       It protects you from cold.
   HP+2:      It affects your health (+2).
   SH+2:      It affects your SH (+2).
 P - a ring of resist corrosion
 V - the ring "Voffo" {Wiz rN+}
   (You took it off a deep elf elementalist on level 3 of the Elven Halls)

   [ring of wizardry]

   Wiz:       It improves your spell success rate.
   rN+:       It protects you from negative energy.
 W - the amulet of Desotuir {rF- Regen+ Dex+7}
   (You took it off a deep elf annihilator on level 3 of the Elven Halls)

   [amulet of regeneration]

   Dex+7:     It affects your dexterity (+7).
   rF-:       It makes you vulnerable to fire.
   Regen+:    It increases your rate of health regeneration.
Talismans
 z - a granite talisman
 G - a talisman of death
 M - a storm talisman (active)
 X - a dragon-blood talisman
Wands
 k - a wand of polymorph (5)
 q - a wand of roots (33)
 x - a wand of flame (70)
 D - a wand of quicksilver (34)
 H - a wand of digging (10)
 R - a wand of mindburst (41)
 T - a wand of paralysis (35)
Scrolls
 a - 7 scrolls of immolation
 f - 11 scrolls of noise
 j - 7 scrolls of fog
 n - 7 scrolls of revelation
 p - 22 scrolls of teleportation
 u - a scroll of poison
 y - 7 scrolls of torment
 E - a scroll of identify
 F - 2 scrolls of blinking
 I - 6 scrolls of vulnerability
 L - 11 scrolls of fear
 Y - a scroll of silence
Potions
 c - 2 potions of cancellation
 d - 8 potions of enlightenment
 e - 13 potions of attraction
 i - 3 potions of might
 l - 11 potions of mutation
 m - 6 potions of berserk rage
 r - 13 potions of ambrosia
 s - 23 potions of curing
 v - 2 potions of lignification
 w - 3 potions of magic
 B - 2 potions of resistance
 Q - 3 potions of haste
 S - 7 potions of heal wounds
Miscellaneous
 C - a box of beasts (inert)
 K - a phantom mirror
 N - a lightning rod (4/4)
 U - a tin of tremorstones (2/2)
 Z - a phial of floods


   Skills:
 + Level 23.1 Fighting
 + Level 26.1 Dodging
 - Level 9.9 Stealth
 - Level 26.6 Unarmed Combat
 - Level 5.5 Evocations
 + Level 26.2 Shapeshifting


You had 26 spell levels left.
You didn't know any spells.
Your spell library was empty.

Dungeon Overview and Level Annotations

Branches:
Dungeon (15/15)            Temple (1/1) D:5            Lair (5/5) D:10
 Shoals (4/4) Lair:2       Spider (4/4) Lair:2        Slime (5/5) Lair:5
    Orc (2/2) D:10            Elf (3/3) Orc:2        Vaults (5/5) D:14
  Crypt (3/3) Vaults:3       Tomb (0/3) Crypt:3      Depths (4/4) D:15
    Zot (5/5) Depths:4    Ossuary (visited)           IceCv (visited)
 WizLab (visited)

Altars:
Ashenzari
Cheibriados
Dithmenos
Elyvilon
Fedhas
Gozag
Hepliaklqana
Kikubaaqudgha
Makhleb
Nemelex Xobeh
Okawaru
Qazlal
Ru
Sif Muna
Trog
Uskayaw
Vehumet
Wu Jian
Xom
Yredelemnul
Zin
The Shining One
Jiyva
Lugonu

Shops:
D:6 !   D:12 !   Orc:2 ((?[   Elf:1 *   Elf:3 =:=![(   Shoals:2 [
Vaults:4 ![?[[

Portals:
Hell: Depths:1 Depths:2 Depths:3 Depths:4
Abyss: Lair:5 Depths:2 Depths:3 Depths:4
Pandemonium: Depths:1 Depths:2 Depths:3 Depths:4
Ziggurat: Depths:3
Bazaar: Depths:2

Annotations:
Shoals:1 3 runed translucent doors, Tang's ghost, adept TeAE
Spider:4 Mara
Vaults:2 exclusion: obsidian statue
Depths:2 3 runed translucent doors, spacedv's ghost, adept GnCA


Innate Abilities, Weirdness & Mutations

You are a lightning-filled tempest!
Your electrical attacks strike out in all directions at once.
You are incredibly evasive.
Your insubstantial body is immune to petrification, constriction, and being set on fire You are flying.
You are immune to poison.
((You have sharp claws.))
((You have razor-sharp teeth.))
You have supernaturally acute eyesight. (SInv)
((Your thick and shaggy fur keeps you warm. (AC +3, rC+)))
((Your paws help you pounce on unaware monsters.))
You are incapable of wielding weapons or throwing items.
You cannot wear armour.
You gain extra lives every three experience levels.
You are agile. (Dex +4, Str/Int -1)
You possess an exceptional clarity of mind.
You are dopey. (Int -2)
You are robust. (+10% HP)
You sometimes lose the ability to read scrolls when taking damage.


Message History

This square is covered in magical glow.
The rock shatters into small pieces.
There is a stone staircase leading up here.
You fly upwards.
There is a stone staircase leading down here.
You see here a +0 spear.
A neqoxec comes into view.
The neqoxec moves out of view.
The neqoxec gestures at you. Something gnaws on your mind!
You feel your power leaking away.
There is a stone staircase leading up here.
You fly upwards.
There is a stone staircase leading down here.
You feel yourself speed up.
An Orb Guardian comes into view.
You reach down and open the door.
There is an open door here.
There is an open door here.
There is an open door here.
You see here a +0 dagger.
An efreet comes into view.
It is wielding a +2 scimitar of flaming.
You batter the efreet!!
The efreet is severely wounded.
The efreet completely misses you.
You batter the efreet!!
You kill the efreet!
Trog accepts your kill.
There is an open door here.
Blink to where?
Press: ? - help, Dir - move target
As you read the scroll of blinking, it crumbles to dust.
As you read the scroll of summoning, it crumbles to dust.
Wisps of shadow whirl around you...
As you read the scroll of summoning, it crumbles to dust.
Wisps of shadow whirl around you...
You open the lid... ...and a larval weirdox beast leaps out!
The box is emptied!
You have escaped!

.............#..#
####.........#.## #
#.########### # #'# ###
####.## ##.## .##...##
##...## ##.....## ##.....##
#.......## ##..KK...####
.........# #....vKK..+.#
#......(#####..gH...##'#
##(....###.###.....###.##
###...###...###...###...##
.###.###.....###.###.....##
..##'##.......##'##.......##
...'.)....X....X.'.........#
..##'##..)....##'##.......##
.###)###.....###.###.....##


You could see an Orb Guardian (ally target), a friendly larval weirdox beast
(summoned), a friendly goblin (summoned) and 4 friendly kobolds.

Vanquished Creatures
  the Royal Jelly (Slime:5)
  5 dread liches
  3 orbs of fire
  3 ancient liches (Zot:5)
  Frederick (Depths:3)
  3 juggernauts (Depths:3)
  Vv (Crypt:1)
  Sojobo (Vaults:5)
  Boris (Depths:1)
  3 Killer Klowns (Zot:5)
  Josephina (Crypt:1)
  Bai Suzhen (Shoals:3)
  The ghost of Woadakig the Executioner, a veteran FoFi of Dithmenos (Crypt:2)
  Margery (Depths:3)
  7 curse toes
  8 golden dragons
  A profane servitor (Crypt:3)
  the Enchantress (Depths:1)
  The ghost of Pikuto the Slayer, an adept MiBe of Trog (Depths:4)
  6 bone dragons
  Jory (Crypt:2)
  2 doom hounds (Zot:2)
  An electric golem (Zot:5)
  A Brimstone Fiend (D:15)
  A hellephant (Depths:3)
  A spectral shard shrike (Crypt:1)
  20 tentacled monstrosities
  Jorgrun (Orc:1)
  5 liches
  Grunn (Zot:2)
  8 quicksilver dragons
  A walking divine tome (Depths:4)
  23 Orb Guardians (Zot:5)
  3 deep elf blademasters
  4 titans
  Polyphemus (Shoals:4)
  8 sphinxes
  18 acid blobs
  12 death cobs
  5 ancient champions
  2 deep elf master archers (Elf:3)
  Agnes (Elf:1)
  Kirke (Spider:1)
  Roxanne (Spider:4)
  6 storm dragons
  8 shadow dragons
  Donald (Orc:2)
  9 tengu reavers
  10 draconian monks
  3 revenants
  A daeva (Depths:3)
  6 rockslimes
  8 frost giants
  A balrug (Depths:2)
  11 draconian knights
  3 protean progenitors (Zot:2)
  7 draconian scorchers
  18 vault wardens
  4 draconian shifters
  15 fire giants
  An emperor scorpion (Spider:4)
  8 ghost moths
  9 azure jellies
  7 deep elf sorcerers
  3 draconian stormcallers
  3 angels
  2 reapers
  4 curse skulls
  7 deep elf elementalists (Elf:3)
  A shard shrike simulacrum (Crypt:1)
  An orc warlord (Orc:2)
  8 quicksilver oozes
  2 juggernaut zombies
  16 ironbound preservers
  A spectral caustic shrike (Crypt:3)
  5 spriggan defenders
  27 very ugly things
  2 ghouls
  A broodmother (Spider:1)
  12 formless jellyfish
  6 draconian annihilators
  8 ironbound thunderhulks
  8 green draconians
  10 stone giants
  8 deep elf death magi
  Nessos (Lair:3)
  6 deep elf demonologists
  15 vampire knights
  13 white draconians
  4 war gargoyles
  13 red draconians
  8 black draconians
  8 spark wasps
  6 deep elf annihilators
  9 purple draconians
  10 yellow draconians
  8 dire elephants
  A crystal guardian (Vaults:3)
  A green death (D:15)
  3 eidola (Crypt:1)
  2 spectral krakens (Crypt:1)
  10 yaktaur captains
  26 jiangshi
  13 ettins
  13 merfolk impalers
  9 entropy weavers
  4 merfolk javelineers
  A quicksilver dragon zombie (Crypt:1)
  2 spriggan zombies (Depths:3)
  11 great orbs of eyes
  12 fire dragons
  4 deep elf high priests
  5 rakshasas
  7 ice dragons
  5 hydras
  A quicksilver dragon skeleton (Depths:2)
  4 ogre magi (Orc:2)
  31 vault guards
  4 spriggan air magi
  A juggernaut simulacrum (Depths:3)
  A jorogumo (Spider:1)
  7 centaur warriors
  A merfolk avatar (Shoals:3)
  3 peacekeepers
  11 ironbound frosthearts
  A catoblepas (Shoals:4)
  2 merfolk aquamancers (Shoals:4)
  4 radroaches
  4 death knights
  2 sphinx zombies
  8 boulder beetles
  2 hell beasts
  20 dancing weapons
  9 deep troll shamans
  2 satyrs (Shoals:3)
  12 two-headed ogres (Orc:2)
  16 death yaks
  6 tengu warriors
  A hell hog (Depths:2)
  8 demonic crawlers
  4 deep troll earth magi
  7 vampire magi
  2 occultists (Depths:3)
  A shock serpent (shapeshifter) (Vaults:5)
  A holy swine (Shoals:4)
  A titan zombie (Depths:2)
  4 thrashing horrors (Lair:5)
  2 orc high priests (Orc:2)
  4 spriggan berserkers
  13 hell knights
  5 soul eaters
  A sun demon (Depths:2)
  A skyshark (shapeshifter) (Vaults:5)
  11 deep elf knights
  3 shadow wraiths
  Sonja (D:10)
  8 iron trolls
  A fire crab (Lair:5)
  A storm dragon zombie (D:15)
  35 skeletal warriors
  Amaemon (D:10)
  5 flayed ghosts
  A mana viper (shapeshifter) (Vaults:5)
  7 skysharks
  A golden dragon zombie (Vaults:4)
  11 sea snakes
  5 orb spiders
  6 glowing orange brains
  8 pharaoh ants
  53 deep trolls
  An elf simulacrum (Crypt:1)
  2 storm dragon skeletons (D:15)
  A glowing orange brain (shapeshifter) (Vaults:5)
  11 arcanists
  An obsidian statue (Depths:2)
  A swamp dragon (shapeshifter) (Vaults:5)
  18 lindwurms
  3 cherubim (Shoals:4)
  Pikel (D:6)
  An orange crystal statue (IceCv)
  7 steelbarb worms (Spider:4)
  A bunyip skeleton (Crypt:3)
  26 harpies
  7 phantasmal warriors
  8 necromancers
  A golden dragon skeleton (Depths:2)
  13 ironbound convokers
  8 deep elf archers
  30 deep elf pyromancers
  4 large abominations
  21 wolf spiders
  29 deep elf zephyrmancers
  67 ugly things
  2 orc knights
  12 manticores
  2 orc sorcerers
  An oklob plant (D:10)
  9 shining eyes
  8 cyclopes
  A shining eye (shapeshifter) (Vaults:3)
  8 elephants
  30 moths of wrath
  A stone giant skeleton (Crypt:1)
  20 vault sentinels
  4 meliai
  2 eyes of devastation
  11 fauns
  A fire giant skeleton (Crypt:2)
  4 smoke demons
  An orange demon (D:10)
  8 water nymphs
  A kobold blastminer (Orc:1)
  4 guardian serpents (Zot:2)
  2 gargoyles (D:11)
  11 torpor snails
  A water nymph (shapeshifter) (Depths:4)
  2 black mambas
  4 merfolk sirens
  An unseen horror zombie (Crypt:1)
  A tormentor (Depths:4)
  15 cane toads
  Psyche (D:9)
  A komodo dragon (shapeshifter) (Lair:5)
  10 yaktaurs
  2 unseen horrors
  4 komodo dragons
  16 rime drakes
  2 anaconda simulacra
  An efreet (D:1)
  9 freezing wraiths
  2 yaktaur skeletons
  An alligator snapping turtle skeleton (Crypt:1)
  An iron troll zombie (Crypt:2)
  25 merfolk
  14 polar bears (IceCv)
  11 trolls
  A hornet (shapeshifter) (D:13)
  A hellwing (Depths:3)
  Grinder (D:4)
  18 tarantellas
  11 wind drakes
  7 hornets
  14 snapping turtles
  7 glass eyes
  A frost giant simulacrum (Depths:2)
  A raiju (Lair:5)
  19 blink frogs
  Sigmund (D:3)
  14 dream sheep
  2 jumping spiders (shapeshifter)
  A centaur simulacrum (Crypt:1)
  11 spriggans
  12 jumping spiders
  2 vampires
  22 culicivoras
  52 slime creatures
  12 small abominations
  6 wyverns
  A ynoxinul (Lair:5)
  A naga simulacrum (Crypt:3)
  6 shadows
  36 yaks
  5 water elementals
  14 wraiths
  3 basilisks
  A neqoxec (D:15)
  A fire elemental (Elf:3)
  6 hogs (Spider:1)
  10 golden eyes (Zot:4)
  8 wargs
  2 sea snake simulacra (Crypt:1)
  17 vampire mosquitoes
  50 redbacks
  2 chaos spawn (Lair:5)
  Menkaure (D:4)
  A harpy simulacrum (Crypt:1)
  3 acid dragons
  2 faun skeletons
  13 water moccasins
  A swamp worm (shapeshifter) (Vaults:5)
  2 sky beasts (D:7)
  22 orc warriors
  22 laughing skulls
  9 wolves
  24 ogres
  A lindwurm skeleton (Crypt:1)
  7 centaurs
  A blink frog skeleton (Crypt:2)
  A phantom (D:5)
  4 kobold brigands
  A weeping skull (Crypt:3)
  10 bullfrogs
  A vine stalker zombie (Crypt:2)
  A warg zombie (Crypt:2)
  4 necrophages (Crypt:3)
  A wyvern zombie (D:5)
  4 scorpions
  3 earth elementals
  3 burial acolytes (Crypt:3)
  5 killer bees
  4 howler monkeys
  3 electric eels
  A bombardier beetle (D:6)
  A human zombie (Crypt:1)
  A centaur zombie (Crypt:1)
  3 jellies
  4 bullfrog zombies
  5 hounds
  A hound (shapeshifter) (Elf:1)
  2 gnoll boudas
  16 orc priests
  2 iguanas
  9 mummies (Ossuary)
  A sleepcap (D:7)
  A human skeleton (Crypt:2)
  Terence (D:2)
  A scorpion zombie (D:5)
  A basilisk skeleton (Crypt:1)
  19 orc wizards
  2 killer bee zombies (Ossuary)
  2 crocodile zombies (Ossuary)
  6 hound zombies
  5 howler monkey zombies (Ossuary)
  Robin (D:4)
  13 gnolls
  5 adders
  A shadow imp (D:5)
  A white imp (D:6)
  2 ufetubi (D:4)
  4 ribbon worms
  A dart slug (D:3)
  64 orcs
  5 ball pythons
  4 bats
  4 endoplasms
  8 giant cockroaches
  17 goblins
  6 hobgoblins
  19 kobolds
  4 quokkas
  6 ball python zombies (Ossuary)
  2 frilled lizards
  A giant cockroach zombie (Crypt:1)
  A quokka zombie (Crypt:2)
  5 rats
  An aspiring flesh (Zot:2)
  A tentacle (Crypt:1)
2360 creatures vanquished.

Vanquished Creatures (collateral kills)
  Boris (Depths:2)
  A lich (Crypt:2)
  2 frost giants (IceCv)
  A merfolk javelineer (Shoals:4)
  6 merfolk impalers
  A spriggan zombie (Depths:3)
  3 dancing weapons (Elf:2)
  A death yak (Lair:4)
  3 two-headed ogres (Orc:2)
  A demonic crawler (Spider:4)
  A cherub (Shoals:4)
  2 orb spiders
  A harpy (Shoals:3)
  A deep elf zephyrmancer (Elf:2)
  5 ugly things
  An elephant (Lair:5)
  A merfolk siren (Shoals:3)
  A kobold blastminer (Orc:2)
  A rime drake (Lair:5)
  2 merfolk (Shoals:4)
  3 polar bears (IceCv)
  5 slime creatures (D:14)
  A jumping spider (Spider:2)
  A basilisk (D:14)
  3 redbacks (Spider:2)
  2 vampire mosquitoes (D:14)
  A laughing skull (Crypt:1)
  An ogre (Orc:2)
  3 orcs
56 creatures vanquished.

Vanquished Creatures (others)
  A vault warden (Vaults:3)
  An iron dragon (Vaults:5)
  A yellow draconian (Zot:4)
  A deep elf knight (Elf:2)
  3 deep elf zephyrmancers (Elf:1)
  A deep elf archer (Elf:3)
  2 deep elf pyromancers (Elf:2)
  A golden eye (Zot:4)
  A burial acolyte (Crypt:3)
  12 tentacles (Crypt:1)
24 creatures vanquished.

Grand Total: 2440 creatures vanquished

Notes
Turn   | Place    | Note
-------+----------+-------------------------------------------
     0 | D:1      | RepoMan the Felid Berserker began the quest for the Orb.
     0 | D:1      | Reached XP level 1. HP: 12/12 MP: 2/2
   347 | D:1      | Reached XP level 2. HP: 16/16 MP: 3/3
   950 | D:2      | Noticed Terence
  1074 | D:2      | Reached ** piety under Trog
  1075 | D:2      | Reached XP level 3. HP: 11/20 MP: 4/4
  1609 | D:2      | Reached skill level 5 in Unarmed Combat
  1609 | D:2      | Reached XP level 4. HP: 18/24 MP: 5/5
  1609 | D:2      | Gained a life (2 lives remaining)
  1830 | D:3      | Found a sparkling altar of Nemelex Xobeh.
  1832 | D:3      | Identified the +2 scale mail of Divine Compulsion {rElec}
  1835 | D:3      | Noticed Sigmund
  1849 | D:3      | Killed Sigmund
  1850 | D:3      | Reached XP level 5. HP: 28/28 MP: 6/6
  1878 | D:3      | Gained mutation: You are covered in thick fur. (AC +2)
                  | [Felid growth]
  1878 | D:3      | Reached XP level 6. HP: 32/32 MP: 7/7
  2013 | D:3      | Found a white marble altar of Elyvilon.
  2052 | D:3      | Found a hide-covered altar of Uskayaw.
  2371 | D:4      | Found a shimmering altar of Xom.
  2406 | D:4      | Noticed Robin
  2571 | D:4      | Noticed Menkaure
  2585 | D:4      | Killed Menkaure
  2609 | D:4      | Reached XP level 7. HP: 20/36 MP: 8/8
  2673 | D:4      | Noticed Grinder
  2679 | D:4      | Found a sand-covered staircase.
  2684 | Ossuary  | Entered an ossuary
  2892 | Ossuary  | Reached XP level 8. HP: 40/40 MP: 9/9
  2989 | Ossuary  | Reached skill level 1 in Stealth
  2989 | Ossuary  | Reached skill level 10 in Unarmed Combat
  3027 | Ossuary  | Reached *** piety under Trog
  3139 | D:4      | Killed Grinder
  3199 | D:4      | Killed Robin
  3490 | D:2      | You fall into a shaft and drop 2 floors!
  3544 | D:2      | Killed Terence
  3621 | D:5      | Entered Level 5 of the Dungeon
  3701 | D:5      | Reached skill level 5 in Dodging
  3722 | D:5      | Found a staircase to the Ecumenical Temple.
  3731 | Temple   | Entered the Ecumenical Temple
  3809 | D:5      | Found a basalt altar of Yredelemnul.
  4483 | D:5      | Found an ornate altar of the Wu Jian Council.
  4691 | D:6      | Reached XP level 9. HP: 45/45 MP: 10/10
  4830 | D:6      | Noticed Pikel
  4846 | D:6      | Killed Pikel
  4847 | D:6      | Reached skill level 5 in Stealth
  5064 | D:6      | Found Pyorchisa's Distillery.
  5072 | D:6      | Bought 2 potions of curing for 66 gold pieces
  5072 | D:6      | Bought a potion of ambrosia for 88 gold pieces
  5072 | D:6      | Bought a potion of cancellation for 88 gold pieces
  5236 | D:6      | Reached skill level 5 in Fighting
  6132 | D:7      | Found a radiant altar of Vehumet.
  6137 | D:7      | Found a glowing golden altar of the Shining One.
  6140 | D:7      | Found a bloodstained altar of Trog.
  6144 | D:7      | Found a shimmering blue altar of Sif Muna.
  6516 | D:8      | Reached **** piety under Trog
  6966 | D:9      | Reached XP level 10. HP: 44/53 MP: 11/11
  7199 | D:9      | Noticed Psyche
  7208 | D:9      | Killed Psyche
  7480 | D:10     | Entered Level 10 of the Dungeon
  7541 | D:10     | Noticed Sonja
  7762 | D:10     | Killed Sonja
  7892 | D:10     | Noticed an oklob plant
  7897 | D:10     | Found a staircase to the Lair.
  7925 | D:10     | Found a shadowy altar of Dithmenos.
  8172 | D:10     | Found a glowing silver altar of Zin.
  8228 | D:10     | Noticed Amaemon
  8228 | D:10     | Noticed an orange demon
  8245 | D:10     | Killed an orange demon
  8262 | D:10     | Killed Amaemon
  8263 | D:10     | Reached XP level 11. HP: 54/58 MP: 12/12
  8351 | D:10     | Found a staircase to the Orcish Mines.
  8583 | D:10     | Found an iron altar of Okawaru.
  8775 | D:10     | Killed an oklob plant
  8860 | D:11     | Noticed a green ugly thing
  8869 | D:11     | Killed a green ugly thing
  8870 | D:11     | Reached skill level 1 in Shapeshifting
  8870 | D:11     | HP: 3/88 [poisoned by a green ugly thing]
  8871 | D:11     | Succumbed to a green ugly thing's poison
  8871 | D:11     | Lost a life (1 life remaining)
  8925 | D:11     | HP: 2/59 [yak (14)]
  9061 | D:11     | Noticed a red ugly thing
  9065 | D:11     | Killed a red ugly thing
  9549 | D:11     | Reached skill level 5 in Shapeshifting
  9808 | Lair:1   | Entered Level 1 of the Lair of Beasts
 11159 | Lair:2   | Found a hole to the Spider Nest.
 11525 | Lair:2   | Noticed a lindwurm
 11636 | Lair:2   | Killed from afar by a lindwurm
 11636 | Lair:2   | Lost a life (0 lives remaining)
 11703 | Lair:2   | Gained mutation: Your thick and shaggy fur keeps you warm.
                  | (AC +3, rC+) [Felid growth]
 11703 | Lair:2   | Reached XP level 12. HP: 58/64 MP: 13/13
 11703 | Lair:2   | Gained a life (1 life remaining)
 12079 | Lair:2   | Found a staircase to the Shoals.
 12612 | Lair:3   | Noticed Nessos
 12615 | Lair:3   | Noticed a death yak
 12615 | Lair:3   | Noticed a death yak
 12616 | Lair:3   | Noticed a death yak
 12691 | Orc:1    | Entered Level 1 of the Orcish Mines
 12961 | Orc:1    | Reached ***** piety under Trog
 13157 | Orc:1    | Slain by a warg
 13157 | Orc:1    | Lost a life (0 lives remaining)
 13157 | Orc:1    | Noticed Jorgrun
 13274 | Lair:3   | Noticed a boulder beetle
 13330 | Lair:4   | Noticed a death yak
 13354 | Lair:4   | Reached skill level 10 in Dodging
 13354 | Lair:4   | Reached skill level 10 in Shapeshifting
 13785 | Lair:4   | Noticed a seven-headed hydra
 13794 | Lair:4   | Killed a seven-headed hydra
 13800 | Lair:4   | Noticed a death yak
 13816 | Lair:4   | Killed a death yak
 13820 | Lair:4   | Killed a death yak
 13971 | Lair:4   | Noticed a four-headed hydra
 13979 | Lair:4   | Killed a four-headed hydra
 14241 | Lair:4   | Noticed an eight-headed hydra
 14455 | Lair:5   | Entered Level 5 of the Lair of Beasts
 14484 | Lair:4   | Reached XP level 13. HP: 70/70 MP: 14/14
 14484 | Lair:4   | Gained a life (1 life remaining)
 15750 | Lair:5   | Reached skill level 10 in Fighting
 15853 | Lair:5   | Identified the scarf of Tugoygy {+Inv, MP+9 Str+3}
 16056 | Lair:5   | HP: 6/129 [burnt (4)]
 16057 | Lair:5   | HP: 1/129 [burnt (5)]
 16058 | Lair:5   | Incinerated by a smoke demon
 16058 | Lair:5   | Lost a life (0 lives remaining)
 16278 | Orc:2    | Entered Level 2 of the Orcish Mines
 16306 | Orc:2    | Noticed Donald
 16322 | Orc:2    | Killed Donald
 16506 | Orc:2    | Noticed an orc warlord
 16523 | Orc:2    | Killed an orc warlord
 17010 | Orc:2    | Found a staircase to the Elven Halls.
 17026 | Orc:2    | Reached XP level 14. HP: 77/77 MP: 15/15
 17026 | Orc:2    | Gained a life (1 life remaining)
 17233 | Orc:2    | Reached skill level 15 in Unarmed Combat
 17670 | Orc:2    | Found Faqay's Weapon Emporium.
 17670 | Orc:2    | Found Hoijaofy's Antique Armour Shop.
 17670 | Orc:2    | Found Daetukou's Antique Weapon Boutique.
 17670 | Orc:2    | Found Veafiogi's Magic Scroll Emporium.
 17679 | Orc:2    | Bought a scroll of fog for 60 gold pieces
 17679 | Orc:2    | Bought a scroll of poison for 60 gold pieces
 17679 | Orc:2    | Bought a scroll of teleportation for 45 gold pieces
 17679 | Orc:2    | Bought a scroll of fog for 60 gold pieces
 17679 | Orc:2    | Bought a scroll of revelation for 112 gold pieces
 17679 | Orc:2    | Bought a scroll of identify for 30 gold pieces
 17679 | Orc:2    | Bought a scroll of fog for 60 gold pieces
 18006 | Orc:1    | Killed Jorgrun
 18720 | Lair:3   | Killed Nessos
 18929 | Lair:3   | Identified a scroll of acquirement
 18934 | Lair:3   | Acquired the ring "Tehitot" {rElec rF+ Str+4 Int+2 Dex+3}
 19568 | Lair:5   | Reached XP level 15. HP: 83/83 MP: 16/16
 19644 | Lair:5   | Found a corrupted altar of Lugonu.
 19644 | Lair:5   | Found a one-way gate to the infinite horrors of the Abyss.
 19781 | Lair:5   | Found a staircase to the Slime Pits.
 20264 | D:12     | Found Tilausiff's Distillery.
 20268 | D:12     | Bought a potion of heal wounds for 60 gold pieces
 20268 | D:12     | Bought a potion of haste for 120 gold pieces
 20268 | D:12     | Bought a potion of lignification for 36 gold pieces
 20268 | D:12     | Bought 2 potions of might for 96 gold pieces
 20268 | D:12     | Bought a potion of mutation for 96 gold pieces
 21140 | D:13     | Reached skill level 15 in Dodging
 22659 | D:14     | Found a gate to the Vaults.
 22659 | D:14     | Noticed a sphinx
 22668 | D:14     | Killed a sphinx
 22868 | D:15     | Entered Level 15 of the Dungeon
 22873 | D:15     | Acquired the ring of Wamiax {rC+ EV+5 Slay+3}
 23207 | D:15     | Found a staircase to the Depths.
 23307 | D:15     | Found a shimmering blue altar of Sif Muna.
 23462 | D:15     | Reached XP level 16. HP: 90/90 MP: 17/17
 23462 | D:15     | Gained a life (2 lives remaining)
 23981 | Spider:1 | Entered Level 1 of the Spider Nest
 24747 | Spider:1 | Noticed Kirke
 24767 | Spider:1 | Killed Kirke
 24912 | Spider:1 | Reached ****** piety under Trog
 26237 | Spider:3 | Gained mutation: Your body sometimes deteriorates upon
                  | taking damage. [mutagenic glow]
 26952 | Spider:4 | Entered Level 4 of the Spider Nest
 27242 | Spider:4 | Reached XP level 17. HP: 94/94 MP: 18/18
 27604 | Spider:4 | Noticed Roxanne
 27802 | Spider:4 | Noticed Mara
 27816 | Spider:4 | Noticed RepoMan's illusion
 27817 | Spider:4 | Noticed RepoMan's illusion
 27966 | Spider:4 | Got a gossamer rune of Zot
 28286 | Spider:4 | Killed Roxanne
 28436 | Shoals:1 | Entered Level 1 of the Shoals
 28468 | Shoals:1 | Found a runed translucent gate.
 28468 | Shoals:1 | Found a runed translucent gate.
 28469 | Shoals:1 | Found a runed translucent gate.
 28470 | Shoals:1 | Noticed Tang's ghost (adept TeAE)
 28587 | Shoals:1 | Reached skill level 15 in Shapeshifting
 28620 | Shoals:1 | Found a glacial archway.
 28652 | IceCv    | Entered an ice cave
 29133 | IceCv    | Identified the +0 ring mail of the Tired Knives {Str+4}
 29680 | Shoals:1 | Reached XP level 18. HP: 102/102 MP: 19/19
 30152 | Shoals:2 | Found Atwodeg's Antique Armour Shop.
 30984 | Shoals:3 | Noticed Bai Suzhen
 31237 | Shoals:3 | HP: 6/153 [satyr/arrow (21)]
 31240 | Shoals:3 | Shot with an arrow by a satyr
 31240 | Shoals:3 | Lost a life (1 life remaining)
 31418 | Shoals:3 | Killed Bai Suzhen
 31780 | Shoals:4 | Entered Level 4 of the Shoals
 32166 | Shoals:4 | Found a glowing golden altar of the Shining One.
 32287 | Shoals:4 | Noticed Polyphemus
 32303 | Shoals:4 | Killed Polyphemus
 32320 | Shoals:4 | Found a white marble altar of Elyvilon.
 32398 | Shoals:4 | Identified the +3 scimitar of Coshrim {flame, rF+ Dex+3}
 32445 | Shoals:4 | Found a glowing silver altar of Zin.
 32524 | Shoals:4 | Got a barnacled rune of Zot
 32765 | Vaults:1 | Entered Level 1 of the Vaults
 32784 | Vaults:1 | Reached XP level 19. HP: 107/107 MP: 20/20
 32784 | Vaults:1 | Gained a life (2 lives remaining)
 32795 | Vaults:1 | Reached skill level 15 in Fighting
 33693 | Vaults:1 | Found a gateway to a bazaar.
 33725 | Bazaar   | Entered a bazaar
 33725 | Bazaar   | Found Cesusk's Jewellery Emporium.
 33725 | Bazaar   | Found Ruuneq's General Store.
 33725 | Bazaar   | Found Coxzuw's Book Emporium.
 33727 | Bazaar   | Found Inautil's Armour Shoppe.
 33744 | Bazaar   | Bought a scroll of teleportation for 27 gold pieces
 33744 | Bazaar   | Bought a potion of curing for 27 gold pieces
 33744 | Bazaar   | Bought a potion of ambrosia for 72 gold pieces
 33744 | Bazaar   | Bought a lightning rod (4/4) for 360 gold pieces
 33747 | Bazaar   | Bought a ring of the Octopus King {rC+ HP+2 AC+2 EV+2 SH+2}
                  | for 368 gold pieces
 33747 | Bazaar   | Found the ring of the Octopus King {rC+ HP+2 AC+2 EV+2
                  | SH+2}
 33747 | Bazaar   | Bought a ring of resist corrosion for 120 gold pieces
 34834 | Vaults:2 | You fall into a shaft and drop 1 floor!
 34853 | Vaults:3 | Found a flickering gateway to a bazaar.
 34985 | Bazaar   | Entered a bazaar
 34985 | Bazaar   | Found Farozost's General Store.
 34992 | Bazaar   | Found Affuni's Distillery.
 35016 | Bazaar   | Found Causky's Armour Shop.
 35017 | Bazaar   | Found Ukocwit's Magic Scroll Emporium.
 35025 | Bazaar   | Found Seq Hyrph's General Store.
 35033 | Bazaar   | Bought a potion of haste for 170 gold pieces
 35033 | Bazaar   | Bought a potion of enlightenment for 85 gold pieces
 35049 | Bazaar   | Bought 3 scrolls of teleportation for 99 gold pieces
 35049 | Bazaar   | Bought a scroll of vulnerability for 44 gold pieces
 35049 | Bazaar   | Bought a scroll of poison for 44 gold pieces
 35068 | Bazaar   | Bought a potion of haste for 160 gold pieces
 35068 | Bazaar   | Bought 2 potions of heal wounds for 160 gold pieces
 35068 | Bazaar   | Bought a potion of might for 64 gold pieces
 35068 | Bazaar   | Bought a potion of mutation for 128 gold pieces
 35075 | Bazaar   | Bought a potion of ambrosia for 128 gold pieces
 35075 | Bazaar   | Bought a potion of curing for 48 gold pieces
 35075 | Bazaar   | Bought a potion of berserk rage for 80 gold pieces
 35075 | Bazaar   | Bought a potion of curing for 48 gold pieces
 35075 | Bazaar   | Bought a potion of enlightenment for 80 gold pieces
 35075 | Bazaar   | Bought a potion of enlightenment for 80 gold pieces
 35482 | Vaults:3 | Reached XP level 20. HP: 114/114 MP: 21/21
 35587 | Vaults:3 | Found a staircase to the Crypt.
 35587 | Vaults:3 | Found a basalt altar of Yredelemnul.
 35587 | Vaults:3 | Found an ancient bone altar of Kikubaaqudgha.
 35666 | Vaults:3 | Found the +8 orange crystal plate armour {Archmagi, Int+3
                  | Clar}
 36311 | Vaults:4 | Found Jebenicebu's Armour Shoppe.
 36358 | Vaults:4 | Found a magical portal.
 36366 | WizLab   | Entered Iskenderun's Mystic Tower
 36603 | Vaults:4 | Acquired a manual of Shapeshifting
 36698 | Vaults:4 | Found Rommupt's Antique Armour Emporium.
 36782 | Vaults:4 | Found Annesau's Distillery.
 36790 | Vaults:4 | Bought a potion of mutation for 112 gold pieces
 36790 | Vaults:4 | Bought a potion of heal wounds for 70 gold pieces
 36790 | Vaults:4 | Bought 2 potions of curing for 84 gold pieces
 36798 | Vaults:4 | Noticed an ancient lich
 36907 | Vaults:4 | Found Gygyimpe's Antique Armour Shop.
 36948 | Vaults:4 | Found Obeos's Magic Scroll Emporium.
 37803 | Elf:1    | Entered Level 1 of the Elven Halls
 37805 | Elf:1    | Noticed Agnes
 37816 | Elf:1    | Killed Agnes
 38040 | Elf:1    | Found Jaoradi's General Store.
 38545 | Elf:2    | Found a runed translucent gate.
 38545 | Elf:2    | Found a runed translucent gate.
 38547 | Elf:2    | Found a runed translucent gate.
 39121 | Elf:2    | Reached XP level 21. HP: 120/120 MP: 22/22
 39327 | Elf:3    | Entered Level 3 of the Elven Halls
 39328 | Elf:3    | Found Bean's Jewellery Shoppe.
 39329 | Elf:3    | Found Wimazec's Book Boutique.
 39330 | Elf:3    | Found Ryinuil's Jewellery Shoppe.
 39385 | Elf:3    | Found Relarut's Distillery.
 39393 | Elf:3    | Bought a potion of heal wounds for 100 gold pieces
 39393 | Elf:3    | Bought a potion of heal wounds for 100 gold pieces
 39651 | Elf:3    | Found Usev's Antique Weapon Boutique.
 39665 | Elf:3    | Found Winos's Armour Boutique.
 39886 | Elf:3    | Identified the ring "Kaminoug" {Fly SInv}
 39926 | Elf:3    | Identified the amulet of Desotuir {rF- Regen+ Dex+7}
 39933 | Elf:3    | Identified the ring "Biggo" {Fly rF- rCorr EV+5 Slay+6}
 39935 | Elf:3    | Identified the +0 great sword "Meach" {drain, +Blink rN+
                  | Str+5}
 39936 | Elf:3    | Identified the ring "Voffo" {Wiz rN+}
 40132 | Elf:3    | Identified the +10 orcbow "Sukyil" {elec, rF++ rN++ Dex+2}
 40186 | Elf:3    | Identified the staff of Dim Light {rPois rCorr Int+5 Dex+2
                  | Alchemy}
 40210 | Elf:3    | Found the +6 lightning scales {swift, rElec}
 40630 | D:6      | Bought a potion of might for 44 gold pieces
 40834 | Orc:2    | Bought 3 scrolls of revelation for 337 gold pieces
 41255 | Vaults:4 | Bought a scroll of blinking for 142 gold pieces
 41255 | Vaults:4 | Bought a scroll of teleportation for 57 gold pieces
 41255 | Vaults:4 | Bought a scroll of teleportation for 57 gold pieces
 41332 | Crypt:1  | Entered Level 1 of the Crypt
 41341 | Crypt:1  | Identified the ring "Onoedeto" {Ice Will+}
 41341 | Crypt:1  | Noticed Josephina
 41357 | Crypt:1  | Killed Josephina
 41725 | Crypt:1  | Identified the amulet "Foheexaf" {Reflect rElec rN+ Will+
                  | Dex+3 SH+5}
 41916 | Crypt:1  | Found an ancient bone altar of Kikubaaqudgha.
 41977 | Crypt:1  | Noticed Vv
 41990 | Crypt:1  | Killed Vv
 42654 | Crypt:2  | Noticed Jory
 42720 | Crypt:2  | Killed Jory
 42767 | Crypt:2  | Found a runed translucent gate.
 42767 | Crypt:2  | Found a runed translucent gate.
 42768 | Crypt:2  | Found a runed translucent gate.
 42768 | Crypt:2  | Found an ancient bone altar of Kikubaaqudgha.
 42768 | Crypt:2  | Noticed a dread lich
 42768 | Crypt:2  | Noticed Woadakig's ghost (veteran FoFi)
 42769 | Crypt:2  | Found the +8 longbow "Zephyr" {speed, Dex+3 SInv}
 42902 | Crypt:2  | Reached XP level 22. HP: 117/127 MP: 23/23
 43267 | Crypt:2  | Killed a dread lich
 43269 | Crypt:2  | Killed Woadakig's ghost
 43284 | Crypt:2  | Identified the amulet of Faiv {Reflect Rampage rN+ SH+5}
 43291 | Crypt:2  | Identified the +0 pair of boots of the Desert {-Tele
                  | Rampage Will++ Stlth+}
 43332 | Crypt:3  | Entered Level 3 of the Crypt
 43534 | Crypt:3  | Found a basalt altar of Yredelemnul.
 43731 | Crypt:3  | Identified the staff "Lemyozxoekh" {Fly rF+ Str+2 Int+4
                  | Hexes Fire}
 43813 | Crypt:3  | Identified the +6 hand axe of Jephic {elec, Will+}
 43908 | Crypt:3  | Identified the +4 shortbow "Nucirghyd" {freeze, rF+ Int+3}
 44110 | Crypt:3  | Found a staircase to the Tomb.
 44354 | Vaults:4 | Bought a potion of ambrosia for 112 gold pieces
 44354 | Vaults:4 | Bought 2 potions of haste for 280 gold pieces
 44354 | Vaults:4 | Bought a potion of berserk rage for 70 gold pieces
 44354 | Vaults:4 | Bought a potion of haste for 140 gold pieces
 44555 | Depths:1 | Entered Level 1 of the Depths
 44624 | Depths:1 | Noticed Boris
 44627 | Depths:1 | Killed Boris
 45030 | Depths:1 | Noticed the Enchantress
 45039 | Depths:1 | Killed the Enchantress
 45043 | Depths:1 | Found a blossoming altar of Fedhas.
 45061 | Depths:1 | Found a gateway to Hell.
 45062 | Depths:1 | Found a broken altar of Ashenzari.
 45257 | Depths:1 | Found a one-way gate leading to the halls of Pandemonium.
 45619 | Depths:2 | Reached XP level 23. HP: 105/134 MP: 24/24
 45849 | Depths:2 | Noticed Boris
 45950 | Depths:2 | Killed Boris
 46231 | Depths:2 | Found a gateway to a bazaar.
 46253 | Depths:2 | Found a runed translucent gate.
 46253 | Depths:2 | Found a runed translucent gate.
 46253 | Depths:2 | Found a runed translucent gate.
 46254 | Depths:2 | Found a viscous altar of Jiyva.
 46254 | Depths:2 | Noticed spacedv's ghost (adept GnCA)
 47605 | Depths:3 | Noticed a juggernaut
 47613 | Depths:3 | Killed a juggernaut
 47688 | Depths:3 | Identified the orb of Fuguich {light, Ice}
 47688 | Depths:3 | Noticed Frederick
 47708 | Depths:3 | Killed Frederick
 47742 | Depths:3 | Identified the +4 trident "Orb Guardian's Doom" {pain,
                  | rPois MP+9 Dex+2}
 47828 | Depths:3 | Found a one-way gateway to a ziggurat.
 47940 | Depths:3 | Noticed a juggernaut
 47953 | Depths:3 | Killed a juggernaut
 48202 | Depths:3 | Found a faded altar of an unknown god.
 48213 | Depths:3 | Identified the +2 fire dragon scales of the Wereyak {rF++
                  | rC- Dex+5}
 48223 | Depths:3 | Noticed a dread lich
 48228 | Depths:3 | Noticed a dread lich
 48229 | Depths:3 | Noticed Margery
 48230 | Depths:3 | Noticed a juggernaut
 48240 | Depths:3 | Killed a juggernaut
 48247 | Depths:3 | Killed a dread lich
 48252 | Depths:3 | Killed Margery
 48257 | Depths:3 | Reached XP level 24. HP: 107/142 MP: 24/24
 48265 | Depths:3 | Killed a dread lich
 48349 | Depths:4 | Entered Level 4 of the Depths
 48935 | Depths:4 | Found a gate to the Realm of Zot.
 49182 | Depths:4 | Found a runed translucent door.
 49185 | Depths:4 | Noticed Pikuto's ghost (adept MiBe)
 49594 | Depths:4 | Killed Pikuto's ghost
 49604 | Depths:4 | Identified the +0 robe of the Saviour {*Corrode Slay+4}
 49996 | Slime:1  | Entered Level 1 of the Pits of Slime
 50005 | Slime:1  | Gained mutation: Your spells are a little easier to cast,
                  | but a little less powerful. [a shining eye]
 50006 | Slime:1  | Gained mutation: You occasionally lose the ability to read
                  | scrolls when taking damage. [a shining eye]
 50011 | Slime:1  | Lost mutation: Your body sometimes deteriorates upon taking
                  | damage. [potion of mutation]
 50011 | Slime:1  | Lost mutation: Your spells are a little easier to cast, but
                  | a little less powerful. [potion of mutation]
 50011 | Slime:1  | Gained mutation: You are robust. (+10% HP) [potion of
                  | mutation]
 50412 | Slime:5  | Entered Level 5 of the Pits of Slime
 50608 | Slime:5  | Noticed the Royal Jelly
 50609 | Slime:5  | Gained mutation: You sometimes lose the ability to read
                  | scrolls when taking damage. [a shining eye]
 50641 | Slime:5  | Killed the Royal Jelly
 50935 | Slime:5  | Identified the +4 trident of Responsibility {pain, rF+ rC+}
 50937 | Slime:5  | Got a slimy rune of Zot
 50967 | Slime:5  | Identified the +1 battleaxe "Aritintuo" {flame, Int+2 SInv}
 51427 | Zot:1    | Entered Level 1 of the Realm of Zot
 51642 | Zot:1    | Reached XP level 25. HP: 163/163 MP: 1/24
 51657 | Zot:1    | Reached skill level 1 in Evocations
 52061 | Zot:2    | Noticed an orb of fire
 52075 | Zot:2    | Killed an orb of fire
 52485 | Zot:2    | Noticed Grunn
 52494 | Zot:2    | Killed Grunn
 52923 | Zot:2    | Identified the +0 plate armour "Doaploac" {+Blink rF- rC+}
 53202 | Zot:3    | Noticed an orb of fire
 53208 | Zot:3    | Gained mutation: You possess an exceptional clarity of
                  | mind. [an orb of fire]
 53213 | Zot:3    | Killed an orb of fire
 53431 | Zot:3    | Reached skill level 5 in Evocations
 54723 | Zot:4    | Gained mutation: You are agile. (Dex +4, Str/Int -1) [a
                  | shining eye]
 54725 | Zot:4    | Gained mutation: You are dopey. (Int -2) [a shining eye]
 55126 | Zot:4    | Reached XP level 26. HP: 171/171 MP: 24/24
 56260 | Vaults:5 | Entered Level 5 of the Vaults
 56493 | Vaults:5 | Identified the +2 buckler of Anarchy {rN+}
 56716 | Vaults:5 | Got a silver rune of Zot
 57057 | Vaults:5 | Noticed Sojobo
 57066 | Vaults:5 | Killed Sojobo
 57554 | Vaults:5 | Identified the +3 morningstar of Kindness {holy, rCorr
                  | Int+2}
 58340 | Zot:5    | Entered Level 5 of the Realm of Zot
 59061 | Zot:5    | Noticed a dread lich
 59067 | Zot:5    | Killed a dread lich
 59068 | Zot:5    | Reached XP level 27. HP: 179/179 MP: 24/24
 59071 | Zot:5    | Noticed an ancient lich
 59079 | Zot:5    | Killed an ancient lich
 59090 | Zot:5    | Noticed an orb of fire
 59098 | Zot:5    | Killed an orb of fire
 59116 | Zot:5    | Noticed an ancient lich
 59134 | Zot:5    | Killed an ancient lich
 59390 | Zot:5    | Noticed an orb of fire
 59395 | Zot:5    | Got the Orb of Zot
 59398 | Zot:5    | Noticed a dread lich
 59400 | Zot:5    | Noticed an ancient lich
 59405 | Zot:5    | Killed a dread lich
 59408 | Zot:5    | Killed an ancient lich
 60012 | D:$      | Escaped with the Orb!

Illustrated notes

Levels and vault maps discovered:
D:1:      elethiomel_arrival_diamonds, layout_rooms, chequers_avenue,
          minmay_door_square
D:2:      layout_basic, uniq_terence
D:3:      layout_loops_cross, lemuel_tele_altar, elyvilon_altar_3,
          lemuel_doored_altar, uniq_sigmund
D:4:      layout_rooms, overflow_temple_1_default, enter_ossuary_5,
          uniq_grinder, uniq_robin, uniq_menkaure
D:5:      layout_basic, nzn_wu_jian_council_hall,
          nicolae_yredelemnul_corpse_copse, minmay_temple_entry_butterflies,
          dk_noncrumbling_3, kennysheep_boxes
D:6:      layout_basic, serial_shops, nicolae_shop_waterfront, uniq_pikel
D:7:      layout_loops_ring, nicolae_overflow_macrodata_refinement
D:8:      layout_rooms
D:9:      layout_rooms, hangedman_abyss_or_decor_stabs, st_stairs_8,
          palyth_stone_intersect, uniq_psyche
D:10:     layout_loops_ring, lemuel_round_altar,
          mainiacjoe_overflow_tiny_flanked, mainiacjoe_overflow_alcove_1,
          dpeg_oklobed_lair, uniq_sonja, uniq_amaemon
D:11:     layout_roguey
D:12:     layout_basic, serial_shops, nicolae_shop_tiny_waterfront
D:13:     layout_irregular_city
D:14:     layout_basic, hellmonk_vaults_attempted_burglary,
          nicolae_elevator_lobby_plus, minmay_splitting_lines
D:15:     gammafunk_depths_entry_grave, layout_loops_ring, serial_glass,
          glass_columns_a, glass_columns_b, lemuel_crystal_altar
Temple:   corrupted_temple
Lair:1:   layout_small_grid, infiniplex_staircase_pool, serial_bayou_shore_a
Lair:2:   layout_hall_layers, minmay_shoals_entry_beasts,
          nicolae_spider_entry_non_spiders, st_stairs_7
Lair:3:   layout_roguey, nicolae_quartered_pool_little, grunt_megastairs_1,
          serial_bayou_shore_b, uniq_nessos
Lair:4:   layout_hall_layers
Lair:5:   hellmonk_lair_end_abyssal_woods, layout_layer_cave,
          dpeg_slime_entry_enclosed
Shoals:1: layout_shoals, gammafunk_ghost_tricky_traps,
          portal_ice_cave_entry_pillars_1
Shoals:2: layout_shoals, serial_shops, nicolae_shop_overgrown_old_shop
Shoals:3: layout_shoals, nicolae_shoals_mertower, uniq_bai_suzhen
Shoals:4: shoals_end_hellmonk_holy_island, uniq_polyphemus
Spider:1: layout_spider_delve, hangedman_spider_tarantella_strand, uniq_kirke
Spider:2: layout_spider_delve
Spider:3: layout_cave_pods
Spider:4: hellmonk_spider_rune_bug_friends, nicolae_spider_moth_buddies,
          uniq_roxanne, uniq_mara
Slime:1:  layout_caves
Slime:2:  nicolae_slime_infinislime, layout_caves
Slime:3:  layout_caves
Slime:4:  layout_caves
Slime:5:  slime_pit_nicolae_jellycorners
Orc:1:    layout_diamond_mine, serial_shops, nooodl_orcs_dogs, uniq_jorgrun
Orc:2:    st_orc_ogre_mass, layout_diamond_mine, basic_altar, uniq_donald
Elf:1:    minmay_elf_arrival_plus, layout_rooms, serial_shops, shop,
          minmay_elf_demonology, uniq_agnes
Elf:2:    elven_hall_of_blades_hangedman_original
          [nicolae_blade_entry_diamond_columns], layout_geoelf_diagonals,
          bh_hangedman_babel_library
Elf:3:    grunt_elf_hall_diamonds, layout_geoelf_grid, serial_shops, shop, shop,
          nicolae_shop_crystal, minmay_shop_grove
Vaults:1: hangedman_vaults_impose, nicolae_vaults_closet_pinwheel_2,
          v_alt_pattern_6, serial_library_hellmonk_open_square,
          nicolae_vaults_tetromino_Z_2, nicolae_vaults_closet_pinwheel_5,
          layout_vaults_omnigrid, serial_shops, bzr_entry_lakeside
Vaults:2: nicolae_vaults_weapon_check, v_pattern_5,
          nicolae_vaults_storage_room_water, hangedman_vaults_trim,
          nicolae_vaults_trapezoid_lopsided_1, nicolae_vaults_little_squares_5,
          nicolae_vaults_statue_guard, nicolae_vaults_little_squares_3,
          v_rooms_5, v_rooms_2, v_misc_2, nicolae_vaults_variable_pillar_hall,
          vaults_room_large_hall, layout_vaults_ring
Vaults:3: nicolae_vaults_lightning_bolt, nicolae_vaults_whirlpool_walls,
          hangedman_vaults_snaps, nicolae_vaults_big_ls,
          nicolae_vaults_trapezoid_1, minmay_crypt_entry_necro_gods,
          nicolae_vaults_frosty_reception, nicolae_vaults_yaktaur_gun_rack,
          vaults_dpeg_doors, vaults_room_fours, ontoclasm_vaults_twist,
          hangedman_vaults_nodes, vaults_room_door_ring, nicolae_vaults_theta,
          v_misc_24, ontoclasm_vaults_loading_screen, layout_vaults_omnicross,
          serial_shops, bzr_entry_road
Vaults:4: mu_enter_wizlab_6, v_misc_10, v_misc_28, vaults_room_ringed_pool,
          ontoclasm_vaults_loading_screen, nicolae_vaults_trapezoid_4,
          ontoclasm_vaults_fault, nicolae_vaults_specimen_jars,
          hangedman_vaults_trim, layout_vaults_chaotic_city, serial_shops, shop,
          shop, nicolae_shop_rolled_up, nicolae_shop_industrial_runoff,
          nicolae_shop_tiny_waterfront
Vaults:5: uniq_sojobo
Crypt:1:  layout_misc_corridors, basic_altar,
          beargit_guarded_unrand_captain_cutlass, uniq_josephina, uniq_vv
Crypt:2:  layout_chaotic_city, gammafunk_ghost_crypt, grunt_megastairs_2,
          uniq_jory
Crypt:3:  grunt_crypt_end_deaths_head
Depths:1: layout_small_grid, minivault_11, hell_entry, pan_entry,
          lemuel_statue_altar, grunt_ministairs_11, hangedman_decor_lopped,
          nicolae_benzene_ring, ashenzari_altar_1,
          infiniplex_staircase_pool_lava, uniq_boris, uniq_enchantress
Depths:2: minmay_isolated_rectangles_in_corner, layout_gridlike, serial_shops,
          statue_bzr, hellmouth_3, pan_entry, abyss_entry_small_statue_room,
          gammafunk_ghost_ooze, grunt_ministairs_9
Depths:3: regret_index_infernal_bastille, layout_cross, enter_ziggurat_c,
          pan_entry, nicolae_abyss_entry_one_way_or_another, hell_entry,
          infiniplex_staircase_pool_2, uniq_margery, uniq_frederick
Depths:4: grunt_x_marks_the_spot, layout_cave_pools, rand_demon_pan_entry_1,
          hell_entry, ebering_ghost_inner_flame, abyss_entry
Zot:1:    layout_misc_corridors
Zot:2:    layout_onion, grunt_ministairs_2, uniq_grunn
Zot:3:    kennysheep_room_grid, layout_twisted_circle,
          regret_index_zotdec_barnacled_simple, st_stairs_11,
          hangedman_zot_decor_slant
Zot:4:    layout_gridlike, hellmonk_body_bag
Zot:5:    layout_gridlike

Skill      XL: |  1  2  3  4  5  6  7  8  9 10 11 12 13 14 15 16 17 18 19 20 21 22 23 24 25 26 27 |
---------------+----------------------------------------------------------------------------------+-----
Unarmed Combat | 4 5 6 8 9 10 12 13 14 15 17 18 19 20 21 22 23 24 26 | 26.6
Stealth        | 4 6 7 9 |  9.9
Dodging        | 5 7 9 10 12 14 15 17 18 19 20 21 22 23 24 25 26 | 26.1
Fighting       | 4 5 7 8 10 11 12 13 14 15 16 17 18 19 21 22 23 | 23.1
Shapeshifting  | 7 10 11 12 13 14 15 16 17 19 20 21 23 25 26 | 26.2
Evocations     | 5 |  5.5

Action                     |  1- 3 |  4- 6 |  7- 9 | 10-12 | 13-15 | 16-18 | 19-21 | 22-24 | 25-27 || total
---------------------------+-------+-------+-------+-------+-------+-------+-------+-------+-------++-------
  Melee: Unarmed           |   101 |    88 |   384 |   590 |  1007 |  1272 |  1170 |  1139 |   841 ||  6592
         Bite              |    12 |     8 |    45 |    59 |       |    28 |   165 |    77 |       ||   394
         Punch             |       |     4 |    25 |    38 |     3 |    24 |   189 |   241 |   189 ||   713
         Constrict         |       |       |       |    44 |   210 |   278 |       |       |       ||   532
 Invoke: Berserk           |       |     3 |     6 |    10 |     8 |    13 |     3 |     2 |     3 ||    48
         Trog's Hand       |       |     1 |     5 |     8 |    19 |    15 |     8 |     5 |     4 ||    65
         Brothers in Arms  |       |       |       |     1 |     8 |    11 |     2 |     4 |     1 ||    27
Ability: Blinkbolt         |       |       |       |       |       |       |       |     9 |     7 ||    16
  Evoke: Wand              |       |       |       |    17 |     1 |     5 |     3 |     2 |     1 ||    29
         Box of beasts     |       |       |       |       |       |     1 |       |       |     1 ||     2
         Phantom mirror    |       |       |       |       |       |       |     1 |       |       ||     1
         Lightning rod     |       |       |       |       |       |       |       |     2 |       ||     2
    Use: Scroll            |     5 |     1 |     7 |     8 |    23 |    10 |    13 |     2 |     5 ||    74
         Potion            |       |     2 |     2 |     9 |    12 |    14 |    15 |     3 |     6 ||    63
   Stab: Sleeping          |       |     1 |    14 |    15 |    20 |    24 |    34 |    21 |    17 ||   146
         Distracted        |       |       |     1 |     2 |     6 |     8 |     6 |     6 |    11 ||    40
         Paralysed         |       |       |       |     2 |       |       |       |       |       ||     2
         Petrified         |       |       |       |       |       |     1 |       |       |       ||     1
 Armour: Skin              |    22 |    17 |    75 |   220 |   457 |   469 |   322 |   180 |    79 ||  1841
  Dodge: Dodged            |    75 |    75 |   212 |   436 |   675 |  1728 |  1817 |  1363 |   820 ||  7201
  Block: Other             |       |       |       |       |       |       |    16 |   176 |    96 ||   288
         Reflection        |       |       |       |       |       |       |       |       |     4 ||     4
   Form: Serpent           |       |       |       |     1 |       |     4 |     1 |       |       ||     6
         Statue            |       |       |       |       |       |     6 |     2 |       |       ||     8
         Storm             |       |       |       |       |       |       |     1 |     1 |       ||     2
